Map: Jagannatha LE

Players

Scarlett - Winner!

  • Race: Zerg Zerg

Neeb

  • Race: Protoss Protoss

Event: DreamHack SC2 Masters 2021 Winter

VOD

Have the link to the VOD?

Description

Time

  • Played on: Oct. 17, 2021, 5:56 p.m.
  • Length: 11:09

All games in this series

Show
View Real Time Build Order
Export as new Build Order

Scarlett Zerg - Winner!

Build Orders: Hatch First 

Get SALT Encoding   

  12  0:00  Drone  
  13  0:12  Overlord  
  13  0:16  Drone  
  14  0:30  Drone  
  14  0:31  Drone  
  16  0:48  Hatchery  
  15  0:51  Drone  
  15  0:55  Drone  
  17  0:58  Drone  
  18  1:10  Extractor  
  17  1:13  Spawning Pool  
  17  1:17  Drone  
  17  1:20  Drone  
  18  1:27  Drone  
  19  1:43  Drone  
  20  1:49  Drone  
  21  2:00  Queen x2  
  21  2:01  Zergling x2  
  26  2:02  Overlord  
  26  2:11  Drone x2  
  26  2:13  Metabolic Boost  
  28  2:21  Drone  
  28  2:22  Drone  
  30  2:36  Hatchery  
  29  2:37  Zergling x2  
  29  2:42  Queen  
  32  2:47  Drone  
  32  2:50  Overlord  
  33  2:53  Drone  
  33  2:54  Drone  
  35  3:01  Drone  
  36  3:08  Queen, Overlord  
  36  3:11  Zergling x2  
  36  3:12  Zergling x2  
  40  3:14  Drone x2  
  40  3:31  Drone x4  
  42  3:42  Drone x2  
  42  3:46  Queen  
  46  3:49  Spore Crawler  
  46  3:51  Drone x4  
  46  3:54  Queen  
  51  3:58  Queen  
  51  3:59  Overlord  
  53  4:06  Overlord  
  53  4:15  Overlord x2  
  53  4:21  Drone  
  53  4:22  Drone x3  
  53  4:23  Queen  
  58  4:27  Drone x4  
  62  4:43  Drone x6  
  68  4:47  Lair  
  68  4:51  Roach Warren  
  67  4:54  Drone x5, Extractor  
  67  4:56  Extractor  
  70  5:07  Zergling x14  
  75  5:17  Drone x5  
  79  5:25  Drone x2, Extractor  
  79  5:26  Extractor  
  79  5:27  Extractor  
  78  5:29  Drone x4  
  78  5:30  Evolution Chamber  
  80  5:37  Hatchery  
  80  5:38  Roach  
  80  5:40  Overlord x2  
  80  5:41  Overlord x2  
  80  5:53  Zergling x4  
  81  6:02  Glial Reconstitution  
  80  6:04  Roach x3  
  80  6:08  Drone  
  80  6:09  Drone x9  
  95  6:21  Drone x3  
  94  6:30  Drone x9  
  94  6:32  Spire  
  102  6:43  Overlord x4  
  101  6:53  Drone x6  
  107  6:56  Zerg Melee Weapons Level 1  
  107  6:58  Drone  
  107  7:00  Drone x7  
  107  7:01  Baneling Nest  
  113  7:03  Extractor  
  113  7:05  Extractor  
  111  7:10  Queen  
  113  7:16  Overseer  
  113  7:18  Zergling x12  
  119  7:31  Overseer  
  119  7:36  Hatchery  
  118  7:43  Mutalisk x6  
  118  7:44  Mutalisk x6  
  118  7:46  Drone x2  
  118  7:47  Zerg Flyer Weapons Level 1  
  143  7:56  Mutalisk x2  
  143  7:58  Overlord x5  
  147  8:00  Drone x4  
  147  8:04  Overlord  
  151  8:07  Centrifugal Hooks  
  151  8:13  Extractor x2  
  151  8:15  Overlord  
  149  8:21  Drone x3  
  149  8:22  Drone x3  
  149  8:24  Zergling x16  
  163  8:30  Drone, Mutalisk  
  163  8:31  Mutalisk x4  
  162  8:43  Hatchery, Corruptor x3  
  162  8:44  Extractor  
  155  8:49  Corruptor  
  155  8:54  Corruptor  
  155  8:55  Corruptor  
  156  9:02  Drone x3  
  159  9:04  Extractor  
  159  9:07  Drone x3, Corruptor x3  
  167  9:11  Zergling x2  
  167  9:12  Zergling x20  
  178  9:20  Corruptor x3  
  178  9:24  Infestation Pit, Zergling x6  
  183  9:30  Baneling x5  
  183  9:31  Baneling x4  
  186  9:34  Corruptor  
  186  9:36  Overlord  
  186  9:38  Zergling x12  
  181  10:02  Corruptor  
  181  10:03  Corruptor x7  
  183  10:07  Zergling x18  
  188  10:16  Zergling x10  
  188  10:17  Zergling x12  
  197  10:26  Spire  
  197  10:27  Baneling x10  
  190  10:31  Corruptor  
  190  10:34  Zergling x10  
Show
View Real Time Build Order
Export as new Build Order

Neeb Protoss 

Build Orders: 1 Gate Expand, Oracle Opening 

Get SALT Encoding   

  12  0:00  Probe  
  13  0:12  Probe  
  14  0:18  Pylon  
  14  0:24  Probe (Chrono Boost)  
  15  0:36  Probe (Chrono Boost)  
  15  0:38  Gateway  
  16  0:45  Probe (Chrono Boost)  
  16  0:46  Assimilator  
  17  0:50  Probe  
  18  1:03  Probe  
  19  1:15  Probe  
  20  1:24  Nexus  
  20  1:35  Cybernetics Core  
  20  1:38  Probe  
  21  1:44  Assimilator  
  21  1:51  Probe (Chrono Boost)  
  21  1:52  Pylon  
  22  2:03  Probe (Chrono Boost)  
  23  2:08  Adept (Chrono Boost)  
  23  2:12  Probe (Chrono Boost)  
  26  2:17  Probe  
  26  2:22  Stargate  
  27  2:29  Probe  
  28  2:30  Adept (Chrono Boost)  
  28  2:36  Probe, Warp Gate  
  31  2:41  Probe  
  32  2:48  Probe  
  32  2:51  Adept (Chrono Boost)  
  33  2:53  Probe  
  36  2:59  Void Ray (Chrono Boost)  
  36  3:00  Gateway  
  36  3:01  Probe  
  37  3:12  Probe  
  42  3:13  Probe  
  43  3:24  Probe  
  43  3:25  Probe  
  45  3:36  Probe  
  45  3:37  Probe  
  45  3:40  Oracle (Chrono Boost)  
  46  3:46  Pylon  
  46  3:48  Pylon  
  46  4:03  Pylon  
  46  4:04  Probe x2  
  46  4:08  Void Ray (Chrono Boost)  
  48  4:16  Probe x2  
  54  4:24  Adept x2, Assimilator x2  
  54  4:26  Nexus  
  54  4:27  Pylon  
  54  4:28  Probe x2  
  60  4:40  Probe x2  
  60  4:42  Stargate  
  62  4:50  Forge  
  62  4:52  Probe x2  
  64  4:54  Void Ray  
  64  4:55  Pylon  
  64  5:04  Probe x2  
  67  5:16  Probe x2  
  67  5:18  Robotics Facility  
  67  5:20  Void Ray  
  67  5:26  Gateway  
  69  5:28  Probe x2  
  69  5:29  Gateway  
  69  5:32  Shield Battery  
  69  5:33  Adept  
  69  5:34  Adept  
  75  5:39  Probe  
  76  5:43  Probe  
  76  5:44  Probe  
  78  5:51  Probe  
  78  5:54  Adept x2  
  78  5:55  Probe  
  78  5:56  Probe  
  81  6:03  Probe  
  82  6:06  Assimilator  
  82  6:07  Assimilator, Probe  
  82  6:08  Pylon  
  82  6:09  Void Ray, Probe  
  82  6:10  Robotics Bay  
  88  6:18  Protoss Air Weapons Level 1 (Chrono Boost)  
  88  6:20  Void Ray  
  88  6:23  Probe  
  88  6:25  Probe x2  
  95  6:34  Pylon  
  95  6:35  Probe  
  95  6:37  Probe  
  95  6:38  Probe  
  98  6:40  Photon Cannon  
  98  6:42  Fleet Beacon  
  98  6:48  Probe  
  98  6:50  Stargate  
  98  6:51  Probe  
  98  7:00  Probe  
  99  7:06  Nexus  
  97  7:08  Pylon  
  97  7:09  Disruptor  
  97  7:15  Pylon  
  100  7:16  Pylon  
  100  7:20  Probe x2  
  100  7:21  Probe  
  103  7:26  Adept x2, Flux Vanes  
  103  7:29  Photon Cannon  
  107  7:32  Photon Cannon  
  107  7:33  Shield Battery  
  107  7:39  Carrier (Chrono Boost)  
  107  7:42  Carrier (Chrono Boost)  
  119  7:50  Probe x2  
  117  7:54  Assimilator  
  117  7:57  Photon Cannon  
  117  7:59  Assimilator, Shield Battery  
  117  8:00  Pylon  
  117  8:06  Probe  
  117  8:09  Photon Cannon  
  117  8:11  Protoss Air Weapons Level 2 (Chrono Boost)  
  124  8:21  Disruptor  
  124  8:23  Photon Cannon  
  127  8:29  Photon Cannon  
  127  8:30  Photon Cannon  
  127  8:32  Photon Cannon  
  133  8:46  Phoenix x3  
  121  8:51  Probe x2  
  121  8:52  Probe  
  120  8:56  Disruptor  
  120  8:58  Shield Battery  
  120  9:01  Photon Cannon  
  123  9:04  Anion Pulse-Crystals  
  123  9:08  Carrier (Chrono Boost)  
  141  9:18  Carrier (Chrono Boost)  
  141  9:23  Photon Cannon  
  141  9:24  Shield Battery  
  141  9:25  Sentry  
  141  9:26  Photon Cannon  
  141  9:29  Carrier (Chrono Boost)  
  143  9:43  Stargate  
  143  9:45  Stargate, Shield Battery  
  143  9:47  Pylon  
  143  9:49  Photon Cannon x2  
  143  9:50  Zealot x2  
  147  9:56  Probe x2  
  147  9:57  Probe  
  145  10:00  Void Ray (Chrono Boost)  
  145  10:05  Probe  
  133  10:07  Pylon  
  133  10:10  Void Ray (Chrono Boost)  
  129  10:20  Stalker x2  
  127  10:21  Probe  
  127  10:24  Probe  
  129  10:29  Photon Cannon  
  129  10:31  Photon Cannon  
  129  10:34  Photon Cannon  

Tags
 
Add a new tag
Caveats
  • Supply blocks, unpowered buildings, or Contaminate may cause inaccurate times.
  • Supply counts are checked every 10 seconds.